AoeStats
← benart

Arabia

508729714Analyzed
4v4 RM · 8d ago on Sep 23, 2026· 46m 45s· 8 players
Game mode
Random Map
Map size
Large (8 player)
Population
200
Speed
Normal
Resources
Standard
Victory
Conquest
Starting age
Dark Age
Ending age
Imperial Age
RankedLock teamsTeams togetherTeam positionsShared explorationLock speedFull tech treeHidden civsTurbo modeCheats
Victory
Defeat
🇳🇴 Mongols · Norway
1300
+18
🇺🇸 Maya · United States
1298
+18
🇨🇳 Romans · China
1279
+19
🇨🇳 Franks · China
1250
+20
🇩🇪 Ethiopians · Germany
1373
-20
🇩🇪 Persians · Germany
1352
-19
🇩🇪 Britons · Germany
1340
-19
🇩🇪 Franks · Germany
1304
-17
WolfDog2539
0:26 Loom
9:58 Feudal Age
11:46 Double-Bit Axe
13:39 Fletching
14:51 Padded Archer Armor
22:51 Castle Age
21:12 Horse Collar
21:36 Gold Mining
23:54 Wheelbarrow
22:53 Crossbowman
23:54 Bodkin Arrow
24:57 Ballistics
26:19 Thumb Ring
27:59 Leather Archer Armor
35:17 Imperial Age
36:00 Bracer
35:41 Arbalester
38:39 Chemistry
38:23 Stone Mining
43:40 Ring Archer Armor
myth大帝110110110
4:49 Loom
9:37 Feudal Age
13:33 Castle Age
12:02 Double-Bit Axe
14:42 Bow Saw
39:07 Horse Collar
40:45 Wheelbarrow
45:33 Imperial Age
Szpill
7:29 Loom
9:15 Feudal Age
15:36 Double-Bit Axe
15:31 Horse Collar
18:01 Castle Age
17:10 Fletching
19:40 Bodkin Arrow
19:53 Padded Archer Armor
20:18 Bodkin Arrow
30:51 Ballistics
31:46 Leather Archer Armor
36:05 Imperial Age
36:20 Murder Holes
37:13 Conscription
38:18 Chemistry
37:19 Bracer
39:25 Elite Mangudai
41:20 Bow Saw
41:11 Heavy Plow
41:23 Capped Ram
羊了个羊
3:21 Loom
8:41 Loom
10:26 Feudal Age
9:03 Loom
15:27 Castle Age
15:30 Double-Bit Axe
24:39 Scale Barding Armor
26:24 Wheelbarrow
26:35 Forging
27:29 Chain Barding Armor
31:52 Gold Mining
33:22 Hand Cart
34:01 Gold Shaft Mining
36:03 Imperial Age
33:58 Stone Mining
34:27 Husbandry
35:24 Iron Casting
36:17 Cavalier
38:33 Plate Barding Armor
39:16 Blast Furnace
38:38 Conscription
40:02 Paladin
41:58 Bow Saw
41:27 Paladin
Trickshot
7:07 Loom
10:01 Feudal Age
10:56 Double-Bit Axe
12:41 Fletching
13:07 Padded Archer Armor
19:28 Wheelbarrow
24:25 Castle Age
23:26 Gold Mining
24:06 Horse Collar
24:28 Crossbowman
25:04 Bodkin Arrow
26:10 Leather Archer Armor
37:59 Ballistics
39:11 Hand Cart
45:19 Imperial Age
benart
7:07 Loom
9:17 Feudal Age
11:25 Double-Bit Axe
18:06 Wheelbarrow
21:39 Castle Age
20:05 Fletching
20:34 Gold Mining
21:17 Horse Collar
21:53 Padded Archer Armor
21:56 Crossbowman
23:23 Bodkin Arrow
25:02 Leather Archer Armor
26:08 Ballistics
29:50 Gold Shaft Mining
32:52 Hand Cart
34:54 Heavy Plow
36:50 Stone Mining
43:53 Imperial Age
43:57 Arbalester
44:03 Pikeman
44:57 Bracer
Wilma Raiden I.
6:56 Loom
9:30 Feudal Age
10:06 Double-Bit Axe
21:58 Castle Age
20:18 Gold Mining
21:15 Scale Barding Armor
23:25 Husbandry
26:48 Chain Barding Armor
43:00 Fletching
48:19 Imperial Age
Spieler2
6:27 Loom
8:53 Feudal Age
9:26 Double-Bit Axe
15:01 Horse Collar
19:33 Castle Age
18:23 Scale Barding Armor
18:59 Bloodlines
19:31 Forging
20:16 Bow Saw
22:35 Husbandry
27:25 Chain Barding Armor
28:03 Wheelbarrow
28:25 Iron Casting
37:29 Hand Cart
36:39 Light Cavalry
42:30 Imperial Age
42:08 Cavalier
43:25 Plate Barding Armor
43:51 Blast Furnace
43:53 Savar
Connection lost

Rejoining the realm…

Still unreachable

The connection could not be restored.

Session expired

The server has moved on; the page needs a fresh start.